 Dungeon Crawl Stone Soup version 0.31-a0-532-g28f74ba3e5 (webtiles) character file.

Game seed: 6541396807240535167

353 LeprechaunX the Ruffian (level 6, -2/42 HPs)
             Began as an Octopode Shapeshifter on Aug 13, 2023.
             Slain by Heh's ghost (8 damage)
             ... on level 3 of the Dungeon.
             The game lasted 00:03:34 (2042 turns).

LeprechaunX the Ruffian (Octopode Shapeshifter)     Turns: 2042, Time: 00:03:35

Health: -2/42      AC:  1    Str: 16    XL:     6   Next: 62%
Magic:  6/6        EV: 14    Int: 10    God:
Gold:   212        SH:  0    Dex: 13    Spells: 5/5 levels left

rFire   . . .        j - +2 hand axe of Sharkskin {flame, *Rage Drain rElec SInv}
rCold   + . .        (no shield)
rNeg    . . .        (helmet currently unavailable)
rPois   .            (no amulet)
rElec   +            p - ring of protection from cold
rCorr   .            (no ring)
SInv    +            (no ring)
Will    .....        (no ring)
Stlth   ++           (no ring)
HPRegen 0.27/turn    (no ring)
MPRegen 0.10/turn    (no ring)
                     (no ring)

%: random rage (20%)
@: lethally poisoned (-2 -> -4), beast-form, on berserk cooldown, slowed, very
slow
A: beast (slay +2), almost no armour, amphibious, 8 rings, camouflage 1,
gelatinous body 1, (nimble swimmer 1), tentacles
a: Begin Untransformation


You were on level 3 of the Dungeon.
You were a hulking beast.
You visited 1 branch of the dungeon, and saw 3 of its levels.
You also visited: Sewer.

You collected 212 gold pieces.

Inventory:

Hand Weapons
 j - the +2 hand axe of Sharkskin (weapon) {flame, *Rage Drain rElec SInv}
   (You found it on level 2 of the Dungeon)

   rElec:     It insulates you from electricity.
   SInv:      It lets you see invisible.
   *Rage:     It berserks you when you make melee attacks (+20% chance).
   Drain:     It drains your maximum health when unequipped.
Jewellery
 p - a ring of protection from cold (left tentacle)
Talismans
 b - a beast talisman (active)
 c - a flux talisman
Wands
 o - a wand of paralysis (6)
Scrolls
 e - 2 scrolls of noise {unknown}
 g - 6 scrolls of identify {unknown}
 h - 2 scrolls of amnesia {unknown}
Potions
 a - a potion of lignification
 d - a potion of ambrosia {unknown}
 f - a potion of resistance {unknown}
 i - a potion of attraction {unknown}
 k - 2 potions of curing
 l - 2 potions of enlightenment
 m - 2 potions of heal wounds
 n - a potion of might {unknown}
 q - a potion of cancellation {unknown}


   Skills:
 + Level 3.2 Fighting
 + Level 3.7 Dodging
 + Level 4.4 Unarmed Combat
 + Level 4.0 Shapeshifting


You had 5 spell levels left.
You didn't know any spells.
Your spell library was empty.

Dungeon Overview and Level Annotations

Branches:
Dungeon (3/15)              Sewer (visited)

Altars:

Annotations:
D:3 Heh's ghost, amateur OpSh


Innate Abilities, Weirdness & Mutations

You are a hulking beast.
Your limbs bulge with bestial killing power. (Slay +2)
You cannot wear most types of armour.
You are amphibious.
You can wear up to eight rings at the same time.
Your skin changes colour to match your surroundings (Stealth+).
Your rubbery body absorbs attacks. (AC +1, EV +1)
((You are camouflaged when in or above water. (Stealth+)))
You have tentacles for arms and can constrict up to eight enemies at once.


Message History

The kobold brigand is lightly wounded.
You hit the kobold. You burn the kobold.
You kill the kobold!
You hit the kobold but do no damage. You constrict the kobold brigand!
Unknown command.
There are monsters nearby!
You release your grip on the kobold brigand.
The kobold brigand attacks as you move away!
The kobold brigand closely misses you.
The kobold brigand throws a poisoned dart.
The poisoned dart closely misses you. The kobold barely misses you.
The kobold hits you with a +0 dagger. The kobold hits you with a +0 whip.
You closely miss the kobold brigand. You grab the kobold brigand.
You squeeze the kobold brigand!
You kill the kobold brigand!
You barely miss the kobold. You hit the kobold. You burn the kobold.
You kill the kobold!
You hit the kobold. You burn the kobold.
You kill the kobold!
The kobold completely misses you.
The kobold hits you with a +1 rapier of chaos.
You are poisoned.
The kobold hits you with a +0 whip. The kobold barely misses you.
Your Shapeshifting skill increases to level 4!
You barely miss the kobold. Your grab misses the kobold.
You barely miss the kobold. You closely miss the kobold.
You feel very sick. The kobold closely misses you.
The kobold hits you with a +1 whip of distortion.
The kobold hits you but does no damage. Heh's ghost hits you.
The kobold misses you. The kobold barely misses you.
The kobold attacks as you move away! The kobold closely misses you.
You feel very sick.
The kobold hits you with a +1 rapier of chaos.
* * * LOW HITPOINT WARNING * * *
The kobold burns you.
* * * LOW HITPOINT WARNING * * *
There is a stone staircase leading up, spattered with blood here.
You feel sick. The kobold closely misses you. Heh's ghost hits you!
You die...

..........# #♣.#.#.♣#
##########. ########.##
#..#.#.P#..##.....##.
#.#####.....##..##........
#..)#.##'')##...##........
######.#.......†...##........
#...........).......##...<....
#.$.....##...)).....##........
#.......##.KKWK.....##........
#.[.....##..Kh....$.##.....###
#.......##...?......##.....###
#.......##..........##........
#.......###################...
.$..... #... #... #... #...
#...


You could see Heh's ghost and 4 kobolds.

Vanquished Creatures
  3 kobold brigands
  Jessica (D:3)
  Terence (D:3)
  Ijyb (D:3)
  A river rat (Sewer)
  A worm (D:2)
  An orc (D:3)
  4 ball pythons
  4 bats
  5 endoplasms
  3 giant cockroaches
  3 goblins
  5 hobgoblins
  11 kobolds
  3 quokkas
  2 frilled lizards
  14 rats
63 creatures vanquished.

Notes
Turn   | Place    | Note
-------+----------+-------------------------------------------
     0 | D:1      | LeprechaunX the Octopode Shapeshifter began the quest for
                  | the Orb.
     0 | D:1      | Reached XP level 1. HP: 13/13 MP: 1/1
   175 | D:1      | Reached XP level 2. HP: 17/18 MP: 2/2
   606 | D:1      | Reached XP level 3. HP: 23/23 MP: 3/3
  1032 | D:2      | Identified the +2 hand axe of Sharkskin {flame, *Rage Drain
                  | rElec SInv}
  1092 | D:2      | Found a faded altar of an unknown god.
  1373 | D:3      | Noticed Jessica
  1376 | D:3      | Found a glowing drain.
  1377 | D:3      | Killed Jessica
  1378 | D:3      | Reached XP level 4. HP: 29/29 MP: 4/4
  1390 | Sewer    | Entered a sewer
  1463 | Sewer    | Noticed a kobold brigand
  1464 | Sewer    | Noticed a kobold brigand
  1471 | Sewer    | Killed a kobold brigand
  1472 | Sewer    | Reached XP level 5. HP: 18/35 MP: 5/5
  1472 | Sewer    | Killed a kobold brigand
  1475 | Sewer    | Reached XP level 6. HP: 19/41 MP: 6/6
  1586 | Sewer    | Found a glowing silver altar of Zin.
  1706 | D:3      | Noticed Ijyb
  1714 | D:3      | Paralysed by Ijyb for 2 turns
  1718 | D:3      | Killed Ijyb
  1731 | D:3      | Noticed Terence
  1745 | D:3      | Killed Terence
  2018 | D:3      | Found a runed translucent gate.
  2018 | D:3      | Found a runed translucent gate.
  2018 | D:3      | Found a runed translucent gate.
  2018 | D:3      | Noticed Heh's ghost (amateur OpSh)
  2042 | D:3      | Slain by Heh's ghost

Illustrated notes

Levels and vault maps discovered:
D:1:      minmay_arrival_stone_box, layout_loops_cross, minmay_box_of_dots
D:2:      layout_rooms, hellmonk_ecumenical_altar_leap_of_faith
D:3:      layout_basic, portal_sewer_entry_a, gammafunk_ghost_nasty_kobolds,
          uniq_terence, uniq_ijyb, uniq_jessica

Skill      XL: |  1  2  3  4  5  6 |
---------------+-------------------+-----
Fighting       | 2 3 |  3.2
Dodging        | 3 |  3.7
Unarmed Combat | 4 |  4.4
Shapeshifting  | 4 |  4.0

Action                     |  1- 3 |  4- 6 || total
---------------------------+-------+-------++-------
  Melee: Unarmed           |    50 |       ||    50
         Constrict         |    13 |    10 ||    23
         Tentacles         |     4 |     8 ||    12
         Hand axe          |    12 |    42 ||    54
         Punch             |     1 |     1 ||     2
   Stab: Sleeping          |    10 |     5 ||    15
 Armour: Skin              |     2 |     3 ||     5
  Dodge: Dodged            |    17 |    37 ||    54

Table legend: (Time is in decaauts)
 A = Elapsed time spent in this place.
 B = Non-inter-level travel time spent in this place.
 C = Inter-level travel time spent in this place.
 D = Time resting spent in this place.
 E = Time spent auto-exploring this place.
 F = Levels seen in this place.
 G = Mean time per level.
                   A        B        C        D        E       F      G
               +--------+--------+--------+--------+--------+-----+--------+
         Total |   2105 |   2047 |     58 |    163 |   1388 |   4 |  526.2 |
       Dungeon |   1846 |   1788 |     58 |     37 |   1334 |   3 |  615.3 |
         Sewer |    258 |    258 |      0 |    126 |     54 |   1 |  258.0 |
               +--------+--------+--------+--------+--------+-----+--------+

Top non-repeatable levels by time:
     D:1: 765 daAuts
     D:3: 593 daAuts
     D:2: 487 daAuts
   Sewer: 258 daAuts
